 Dungeon Crawl Stone Soup version 0.31-a0-986-g5e6e4ef867 (webtiles) character file.

Game seed: 13369770294436070672

8774 bmb222 the Mimic (level 11, -2/61 (81) HPs)
             Began as a Demonspawn Shapeshifter on Nov 22, 2023.
             Was an Initiate of Gozag.
             Slain by a wight
             ... wielding a +3 halberd of freezing
              (12 damage)
             ... on level 10 of the Dungeon.
             The game lasted 00:18:13 (13126 turns).

bmb222 the Mimic (Demonspawn Shapeshifter)         Turns: 13126, Time: 00:18:15

HP:   -2/61 (81)    AC: 12    Str: 19    XL:     11   Next: 14%
MP:   11/11         EV:  8    Int: 12    God:    Gozag
Gold: 1905          SH:  0    Dex: 12    Spells: 10/10 levels left

rFire   . .          .
                       - Unarmed
rCold   . . .        (no shield)
rNeg    . . .        z - +0 chain mail
rPois   .            (helmet unavailable)
rElec   .            (cloak currently unavailable)
rCorr   .            (gloves currently unavailable)
SInv    .            (boots currently unavailable)
Will    .....        (no amulet) Stlth
                     (no ring)
HPRegen 0.30/turn    (no ring)
MPRegen 0.12/turn

%: no passive effects
@: beast-form, gold aura, heavily drained
A: beast (slay +4), horns 3, icy blue scales 1, spiny 1
a: Begin Untransformation, Renounce Religion, Potion Petition, Call Merchant,
Bribe Branch


You were on level 10 of the Dungeon.
You worshipped Gozag.
Gozag was most pleased with you.
You were a hulking beast.
You visited 2 branches of the dungeon, and saw 11 of its levels.

You collected 1961 gold pieces.
You paid 56 gold pieces to Gozag.

Inventory:

Missiles
 D - 3 throwing nets
Armour
 a - a +0 animal skin
 i - a +0 ring mail
 x - an orb of guile
 y - a +0 scale mail
 z - a +0 chain mail (worn)
Jewellery
 o - a ring of fire
 t - an amulet of regeneration
 E - a ring of positive energy
 G - a ring of protection from cold
Talismans
 c - a beast talisman
 d - a flux talisman
 n - a granite talisman
Wands
 u - a wand of mindburst (5)
 v - a wand of digging (10)
 A - a wand of flame (27)
 B - a wand of polymorph (2)
 F - a wand of light (9)
 H - a wand of roots (5)
Scrolls
 f - 2 scrolls of noise {unknown}
 h - a scroll of fear
 k - 2 scrolls of revelation
 l - 3 scrolls of teleportation
 m - a scroll of vulnerability
 r - a scroll of enchant armour {unknown}
 I - a scroll of immolation
 J - a scroll of fog
Potions
 b - 2 potions of lignification
 e - a potion of ambrosia
 g - a potion of curing
 j - 2 potions of mutation
 p - a potion of attraction
 q - 2 potions of enlightenment
 s - 3 potions of brilliance {unknown}
 w - 2 potions of haste
 C - 4 potions of magic {unknown}
Miscellaneous
 K - a box of beasts


   Skills:
 - Level 6.0 Fighting
 * Level 6.5 Armour
 + Level 2.0 Dodging
 * Level 8.7 Unarmed Combat
 + Level 2.9 Evocations
 * Level 9.8 Shapeshifting


You had 10 spell levels left.
You didn't know any spells.
Your spell library contained the following spells:

 Spells                   Type           Power      Damage    Failure   Level
 Tukima's Dance           Hex            0%         N/A       100%        3
 Dimensional Bullseye     Hex/Tloc       0%         N/A       100%        4
 Iskenderun's Mystic Bla  Conj/Tloc      0%         2d3       100%        4
 Passage of Golubria      Tloc           0%         N/A       100%        4
 Yara's Violent Unravell  Hex/Tmut       0%         3d3       100%        5


Dungeon Overview and Level Annotations

Branches:
Dungeon (10/15)            Temple (0/1) D:7             Orc (1/2) D:9
   Lair: D:8-11

Altars:
Cheibriados
Dithmenos
Fedhas
Gozag
Kikubaaqudgha
Okawaru
Qazlal
Ru
Sif Muna
Trog
Uskayaw
Wu Jian
Xom

Shops:
D:9 [(

Annotations:
Orc:1 Erolcha


Innate Abilities, Weirdness & Mutations

You are a hulking beast.
Your limbs bulge with bestial killing power. (Slay +4)
You have a pair of large horns on your head.
You are partially covered in icy blue scales. (AC +2)
You are partially covered in sharp spines.


Message History

The wight barely misses you. The wight is struck by your spines.
The wight barely misses you.
The wight zaps a wand.
You easily resist.
You hit the wight.
The wight is severely damaged.
The wight hits you with a +3 halberd of freezing.
You feel drained. The wight freezes you. The wight barely misses you.
The wight is struck by your spines. The wight hits you with a +4 trident.
You feel drained.
You punch the wight!
The wight is almost destroyed.
The wight hits you with a +3 halberd of freezing.
You feel drained. The wight freezes you. The wight hits you but does no damage.
The wight hits you with a +4 trident!
* * * LOW HITPOINT WARNING * * *
You feel drained.
You hit the wight but do no damage.
The wight is almost destroyed.
The wight barely misses you. The wight is struck by your spines.
The wight hits you with a +5 dire flail of freezing!
* * * LOW HITPOINT WARNING * * *
The wight freezes you.
* * * LOW HITPOINT WARNING * * *
You hit the wight.
You destroy the wight!
The wight hits you but does no damage.
You feel better. The wight hits you but does no damage.
The wight hits you with a +3 halberd of freezing.
* * * LOW HITPOINT WARNING * * *
You feel drained.
* * * LOW HITPOINT WARNING * * *
The wight freezes you.
* * * LOW HITPOINT WARNING * * *
The wight attacks as it pursues you!
The wight hits you with a +5 dire flail of freezing.
* * * LOW HITPOINT WARNING * * *
You feel drained. The wight freezes you.
* * * LOW HITPOINT WARNING * * *
The wight hits you from afar with a +3 halberd of freezing!
You die...
Your body crumbles into a pile of gold.

#######<...≈≈##.....##≈≈.........
#.....≈≈##>>>##≈≈.........#
#......≈≈#####≈≈....#####.#
#######.......≈≈≈≈≈≈≈..#..# #.#
......................##..# #.#
######...........#######..# #.#
#..........<# #..# #.#
#...........# #..#####..
######..........h#######.........
................z................
..................z..............
.....).###########.........######
######.# #......<..# # #)#
#.........# # #)# #.........# #
#)###########.........# #
#.....................# #


You could see 2 wights.

Vanquished Creatures
  2 two-headed ogres (D:10)
  Erica (D:8)
  Jeremiah (D:8)
  An unseen horror (shapeshifter) (D:9)
  2 ynoxinuls (D:10)
  2 wyverns
  9 yaks
  Grum (D:10)
  4 steam dragons
  A water moccasin (D:7)
  6 orc warriors
  A sky beast (D:7)
  A black bear (D:7)
  2 wolves (D:10)
  2 phantoms
  5 kobold brigands
  3 bullfrogs
  2 scorpions
  2 wights (D:10)
  14 killer bees
  5 howler monkeys
  2 hounds
  2 gnoll boudas
  3 jellies
  5 orc priests
  5 iguanas
  2 sleepcaps (D:7)
  Natasha (thrice) (D:4)
  9 orc wizards
  Robin (D:2)
  20 gnolls
  5 adders
  A white imp (D:6)
  12 ufetubi
  3 worms
  2 dart slugs
  24 orcs
  5 ball pythons
  9 endoplasms
  A giant cockroach (D:2)
  13 goblins
  5 hobgoblins
  2 jackals (D:3)
  5 quokkas
  5 bats
  A frilled lizard (D:2)
  25 kobolds
  4 rats
241 creatures vanquished.

Vanquished Creatures (others)
  2 kobolds (D:8)
2 creatures vanquished.

Grand Total: 243 creatures vanquished

Notes
Turn   | Place    | Note
-------+----------+-------------------------------------------
     0 | D:1      | bmb222 the Demonspawn Shapeshifter began the quest for the
                  | Orb.
     0 | D:1      | Reached XP level 1. HP: 15/15 MP: 1/1
   761 | D:1      | Gained mutation: You are partially covered in sharp spines.
                  | [demonic ancestry]
   761 | D:1      | Reached XP level 2. HP: 21/21 MP: 2/2
   873 | D:2      | Noticed Robin
   875 | D:2      | Reached skill level 3 in Shapeshifting
  1066 | D:1      | Reached XP level 3. HP: 10/26 MP: 3/3
  1359 | D:2      | Reached skill level 1 in Armour
  1397 | D:2      | Killed Robin
  1398 | D:2      | Reached XP level 4. HP: 26/32 MP: 4/4
  2552 | D:3      | Gained mutation: You have a pair of small horns on your
                  | head. [demonic ancestry]
  2552 | D:3      | Reached XP level 5. HP: 14/37 MP: 5/5
  2899 | D:3      | Found a snail-covered altar of Cheibriados.
  3613 | D:4      | Found a shimmering altar of Xom.
  3754 | D:4      | Noticed Natasha
  3761 | D:4      | Killed Natasha
  3762 | D:4      | Reached XP level 6. HP: 37/43 MP: 6/6
  3825 | D:4      | Noticed Natasha
  3834 | D:4      | Killed Natasha
  3951 | D:4      | Found an opulent altar of Gozag.
  4062 | D:4      | Became a worshipper of Gozag Ym Sagoz the Greedy
  4278 | D:4      | Noticed Natasha
  4284 | D:4      | Killed Natasha
  4370 | D:5      | Entered Level 5 of the Dungeon
  4762 | D:5      | Reached skill level 5 in Unarmed Combat
  4772 | D:5      | Gained mutation: You are partially covered in icy blue
                  | scales. (AC +2) [demonic ancestry]
  4772 | D:5      | Reached XP level 7. HP: 8/48 MP: 7/7
  5009 | D:5      | Found a bloodstained altar of Trog.
  5155 | D:5      | Found a shadowy altar of Dithmenos.
  5699 | D:5      | Found a sacrificial altar of Ru.
  5878 | D:6      | Reached skill level 5 in Armour
  6071 | D:6      | Reached skill level 4 in Shapeshifting
  6074 | D:6      | Gained mutation: You have a pair of horns on your head.
                  | [demonic ancestry]
  6074 | D:6      | Reached XP level 8. HP: 52/57 MP: 8/8
  6160 | D:6      | Found a stormy altar of Qazlal.
  6284 | D:6      | Found an iron altar of Okawaru.
  6943 | D:7      | Found a staircase to the Ecumenical Temple.
  6979 | D:7      | Found an ornate altar of the Wu Jian Council.
  7259 | D:7      | Found a hide-covered altar of Uskayaw.
  7290 | D:7      | Reached skill level 5 in Shapeshifting
  7779 | D:7      | Gained mutation: You have a pair of large horns on your
                  | head. [demonic ancestry]
  7779 | D:7      | Reached XP level 9. HP: 65/65 MP: 9/9
  7895 | D:8      | Noticed Erica
  7903 | D:8      | Killed Erica
  7904 | D:8      | Reached skill level 1 in Evocations
  7904 | D:8      | Reached skill level 6 in Shapeshifting
  7909 | D:8      | Reached skill level 7 in Shapeshifting
  8216 | D:8      | Reached skill level 8 in Shapeshifting
  8363 | D:8      | Reached skill level 5 in Fighting
  8430 | D:8      | Reached XP level 10. HP: 68/74 MP: 10/10
  8543 | D:8      | Noticed Jeremiah
  8572 | D:8      | Killed Jeremiah
  9098 | D:9      | Reached skill level 9 in Shapeshifting
  9522 | D:9      | Found Vocid's Weapon Shoppe.
  9823 | D:9      | Found an ancient bone altar of Kikubaaqudgha.
  9825 | D:9      | Found a blossoming altar of Fedhas.
 10216 | D:9      | Found a staircase to the Orcish Mines.
 10218 | D:9      | Found Feal's Armour Shoppe.
 10615 | D:9      | Found a shimmering blue altar of Sif Muna.
 10749 | D:10     | Entered Level 10 of the Dungeon
 10836 | D:10     | Noticed a two-headed ogre
 11216 | Orc:1    | Entered Level 1 of the Orcish Mines
 11387 | Orc:1    | Noticed Erolcha
 11695 | D:10     | Noticed a two-headed ogre
 11702 | D:10     | Killed a two-headed ogre
 11789 | D:10     | Noticed Grum
 11797 | D:10     | Killed Grum
 11798 | D:10     | Reached XP level 11. HP: 31/81 MP: 11/11
 12371 | D:10     | Killed a two-headed ogre
 13126 | D:10     | Slain by a wight

Illustrated notes

Levels and vault maps discovered:
D:1:      eino_arrival_water_cross, layout_loops_corners
D:2:      layout_loops_corners, uniq_robin
D:3:      layout_loops_corners, lemuel_coloured_pillars_altar
D:4:      layout_basic, mainiacjoe_overflow_surrounded_room,
          nicolae_gozag_cash_rules_everything_around_me, uniq_natasha
D:5:      layout_loops_ring, nicolae_ru_the_path_less_chosen,
          nicolae_dithmenos_the_darkroom, overflow_temple_1_default,
          feat_on_display
D:6:      layout_loops_ring, mainiacjoe_overflow_boulevard,
          mainiacjoe_overflow_chevrons
D:7:      layout_loops_corners, nicolae_elyvilon_peaceful_grove,
          nicolae_overflow_crystal_walls, mainiacjoe_overflow_alcove_2,
          minmay_temple_entry_hall
D:8:      layout_rooms, uniq_jeremiah, uniq_erica
D:9:      layout_loops_ring, grunt_temple_overflow_growth_and_decay, tgw_sif,
          orc_david_3
D:10:     layout_small_grid, nicolae_fort_ynox, uniq_grum
Orc:1:    layout_caves, nicolae_orc_lava_room, uniq_erolcha

Skill      XL: |  1  2  3  4  5  6  7  8  9 10 11 |
---------------+----------------------------------+-----
Shapeshifting  | 3 4 5 8 9 |  9.8
Unarmed Combat | 3 4 5 6 7 8 |  8.7
Armour         | 1 2 3 5 6 |  6.5
Fighting       | 2 3 5 6 |  6.0
Evocations     | 2 |  2.9
Dodging        | 2 |  2.0

Action                     |  1- 3 |  4- 6 |  7- 9 | 10-12 || total
---------------------------+-------+-------+-------+-------++-------
  Melee: Unarmed           |    60 |   156 |   216 |   211 ||   643
         Punch             |     1 |     2 |     8 |     8 ||    19
         Headbutt          |       |    17 |    52 |    39 ||   108
  Evoke: Wand              |       |     1 |     4 |    12 ||    17
    Use: Potion            |       |       |     2 |     3 ||     5
         Scroll            |       |       |    14 |     1 ||    15
   Stab: Distracted        |       |       |     1 |     1 ||     2
         Invisible         |       |       |       |     5 ||     5
 Armour: Animal skin       |     7 |       |       |       ||     7
         Ring mail         |    30 |    71 |    67 |       ||   168
         Chain mail        |       |       |    97 |   250 ||   347
  Dodge: Dodged            |    27 |    55 |   104 |    99 ||   285

Table legend: (Time is in decaauts)
 A = Elapsed time spent in this place.
 B = Non-inter-level travel time spent in this place.
 C = Inter-level travel time spent in this place.
 D = Time resting spent in this place.
 E = Time spent auto-exploring this place.
 F = Levels seen in this place.
 G = Mean time per level.
                   A        B        C        D        E       F      G
               +--------+--------+--------+--------+--------+-----+--------+
         Total |  13051 |  12571 |    480 |   3263 |   7193 |  11 | 1186.5 |
       Dungeon |  12912 |  12432 |    480 |   3263 |   7127 |  10 | 1291.2 |
  Orcish Mines |    139 |    139 |      0 |      0 |     66 |   1 |  139.0 |
               +--------+--------+--------+--------+--------+-----+--------+

Top non-repeatable levels by time:
     D:9: 2504 daAuts
     D:5: 1514 daAuts
     D:8: 1257 daAuts
    D:10: 1254 daAuts
     D:2: 1251 daAuts
     D:1: 1151 daAuts
     D:4: 1079 daAuts
     D:7: 1046 daAuts
     D:3: 943 daAuts
     D:6: 910 daAuts
   Orc:1: 139 daAuts
